Map: Automaton LE

Players

Kallestål - Winner!

  • Race: Protoss Protoss
  • Spawn Location: 9:00

Psychotic

  • Race: Zerg Zerg
  • League: Gold
  • Spawn Location: 3:00

VOD

Have the link to the VOD?

Description

I haven't had any good games lately

Time

  • Played on: March 26, 2019, 12:55 p.m.
  • Length: 13:40
Show
View Real Time Build Order
Export as new Build Order

Kallestål Protoss - Winner!

Build Orders:  

Get SALT Encoding   

  12  0:01  Probe  
  13  0:13  Probe  
  14  0:23  Pylon  
  14  0:25  Probe  
  15  0:39  Probe  
  16  0:47  Probe  
  16  0:55  Probe  
  18  1:06  Nexus  
  18  1:07  Probe  
  19  1:18  Forge  
  19  1:21  Probe  
  20  1:29  Pylon  
  20  1:33  Probe  
  21  1:45  Probe  
  22  1:57  Gateway  
  22  1:58  Gateway  
  22  2:04  Gateway  
  22  2:08  Probe  
  23  2:16  Photon Cannon  
  23  2:20  Probe  
  23  2:21  Probe  
  25  2:28  Probe  
  25  2:33  Probe  
  25  2:36  Pylon, Probe  
  28  2:45  Probe  
  28  2:47  Probe  
  30  2:55  Gateway  
  30  2:56  Zealot  
  30  2:57  Probe  
  33  2:59  Probe  
  33  3:00  Zealot  
  36  3:07  Probe  
  36  3:12  Probe  
  37  3:17  Probe  
  37  3:18  Photon Cannon  
  37  3:19  Photon Cannon  
  38  3:22  Zealot  
  38  3:24  Probe  
  38  3:25  Zealot  
  43  3:28  Zealot  
  43  3:29  Probe  
  46  3:41  Gateway  
  46  3:43  Gateway  
  46  3:45  Zealot  
  48  3:49  Zealot  
  50  3:56  Nexus  
  50  4:00  Probe x2  
  54  4:02  Zealot  
  54  4:10  Pylon  
  54  4:13  Pylon  
  54  4:15  Pylon  
  54  4:20  Zealot x2  
  54  4:21  Zealot  
  54  4:25  Pylon  
  54  4:26  Pylon  
  54  4:27  Zealot x2  
  54  4:28  Zealot  
  54  4:31  Probe x2  
  68  4:43  Probe x2  
  70  4:45  Zealot x3  
  76  4:55  Zealot x2  
  80  5:00  Zealot  
  78  5:15  Photon Cannon  
  78  5:17  Photon Cannon  
  78  5:18  Zealot  
  80  5:22  Zealot  
  80  5:26  Assimilator  
  80  5:28  Assimilator  
  78  5:57  Pylon, Probe  
  78  5:58  Probe x2  
  78  5:59  Pylon  
  78  6:03  Zealot  
  77  6:04  Zealot  
  77  6:06  Zealot x2  
  65  6:19  Probe  
  65  6:20  Probe x2  
  58  6:30  Zealot  
  58  6:31  Zealot  
  58  6:32  Zealot  
  60  6:33  Zealot x2  
  60  6:37  Pylon  
  60  6:40  Pylon  
  60  6:49  Zealot  
  60  6:50  Zealot  
  60  6:51  Assimilator  
  60  6:52  Probe x2  
  61  6:54  Assimilator  
  61  6:57  Zealot, Probe  
  61  7:00  Zealot  
  68  7:13  Pylon  
  68  7:15  Pylon  
  66  7:17  Pylon  
  69  7:24  Zealot  
  69  7:27  Nexus  
  69  7:28  Zealot  
  69  7:29  Pylon  
  73  7:31  Pylon  
  69  7:48  Zealot  
  69  7:49  Pylon  
  61  7:51  Zealot  
  61  7:55  Zealot  
  65  7:58  Photon Cannon  
  65  7:59  Nexus, Photon Cannon  
  65  8:00  Pylon  
  65  8:01  Photon Cannon, Probe  
  65  8:02  Pylon  
  66  8:11  Zealot  
  68  8:13  Probe  
  68  8:15  Zealot  
  59  8:33  Probe  
  59  8:34  Probe x2  
  58  8:38  Photon Cannon  
  58  8:40  Photon Cannon  
  58  8:43  Zealot x3  
  62  8:51  Photon Cannon  
  62  8:52  Photon Cannon  
  62  8:53  Pylon  
  55  8:56  Probe x4  
  59  9:04  Pylon  
  59  9:12  Cybernetics Core  
  58  9:19  Photon Cannon  
  58  9:22  Photon Cannon x2  
  58  9:25  Zealot  
  58  9:26  Zealot x3  
  66  9:33  Photon Cannon  
  66  9:48  Assimilator  
  66  9:50  Assimilator  
  66  9:52  Probe x4  
  70  9:56  Photon Cannon  
  70  9:57  Stargate, Photon Cannon  
  70  9:58  Stargate  
  70  10:03  Stargate  
  68  10:10  Zealot x2  
  69  10:29  Probe  
  69  10:32  Probe x3  
  69  10:33  Stargate  
  69  10:34  Stargate  
  72  10:38  Assimilator  
  72  10:42  Forge, Assimilator  
  73  10:44  Probe x2  
  73  10:45  Protoss Air Weapons Level 1, Probe  
  73  10:49  Photon Cannon  
  69  11:01  Probe  
  69  11:02  Probe  
  69  11:04  Void Ray  
  69  11:05  Probe, Void Ray  
  64  11:32  Probe x3  
  67  11:34  Void Ray  
  65  11:44  Probe, Void Ray  
  66  11:50  Nexus  
  66  11:52  Pylon  
  66  11:53  Pylon  
  70  12:19  Photon Cannon  
  70  12:20  Photon Cannon  
  70  12:35  Photon Cannon  
  70  12:37  Photon Cannon  
  70  12:40  Assimilator  
  70  12:45  Assimilator  
  70  12:47  Void Ray x2  
  70  13:07  Probe x3  
  70  13:32  Photon Cannon  
  70  13:33  Photon Cannon  
  70  13:35  Photon Cannon  
Show
View Real Time Build Order
Export as new Build Order

Psychotic Zerg 

Build Orders: Hatch First, Roach Nydus 

Get SALT Encoding   

  12  0:01  Drone  
  13  0:10  Drone  
  14  0:18  Overlord  
  14  0:37  Drone x3  
  17  0:58  Hatchery  
  17  1:02  Drone  
  17  1:13  Spawning Pool  
  17  1:17  Drone  
  17  1:25  Drone, Extractor  
  17  1:26  Drone  
  18  1:33  Drone  
  19  2:04  Queen  
  21  2:08  Drone  
  21  2:09  Overlord  
  21  2:11  Drone, Queen  
  26  2:15  Drone  
  26  2:26  Drone, Roach Warren  
  26  2:29  Drone  
  27  2:33  Overlord  
  27  2:42  Lair  
  27  2:46  Drone  
  27  2:49  Drone  
  29  2:55  Drone  
  29  2:56  Drone  
  31  3:01  Extractor  
  31  3:02  Drone  
  31  3:12  Drone  
  32  3:15  Roach x3  
  38  3:24  Drone  
  39  3:28  Drone  
  39  3:29  Drone x3  
  43  3:48  Queen, Nydus Network  
  44  3:56  Overlord x2  
  44  3:57  Overlord  
  44  4:06  Hatchery  
  43  4:21  Roach x3  
  43  4:23  Roach x3  
  55  4:34  Roach  
  57  4:46  Nydus Canal  
  57  4:52  Drone  
  58  5:31  Roach x6  
  58  5:32  Roach x2  
  58  5:33  Overlord x2  
  48  6:24  Drone  
  48  6:25  Drone x2  
  45  6:38  Drone x3  
  48  7:26  Roach x8  
  48  7:27  Roach x2  
  66  8:01  Drone x3  
  69  8:09  Ravager x6  
  69  8:10  Ravager x3  
  69  8:59  Zergling x6  
  69  9:00  Queen  
  74  9:03  Drone x3  
  74  9:04  Queen  
  76  9:36  Queen  
  78  9:38  Nydus Canal  
  78  9:49  Drone x3  
  78  10:16  Drone x2  
  80  10:21  Drone x2  
  80  10:22  Drone  
  75  11:14  Ravager  
  74  11:51  Roach x3  
  74  11:52  Roach x2  
Tags
 
League
Gold
Matchup
PvZ
Spawn Locations
Cross Positions
Strategy
Roach Nydus
Add a new tag
Caveats
  • Supply blocks, unpowered buildings, or Contaminate may cause inaccurate times.
  • Supply counts are checked every 10 seconds.